 Dungeon Crawl Stone Soup version 0.29-a0-297-g7659ce593d (webtiles) character file.

Game seed: 9673624936834089301

193 Dabor the Stinger (level 5, -1/42 HPs)
             Began as a Naga Venom Mage on Mar 22, 2022.
             Slain by a centaur zombie (3 damage)
             ... in an ossuary.
             The game lasted 00:06:19 (3862 turns).

Dabor the Stinger (Naga Venom Mage)                 Turns: 3862, Time: 00:06:19

Health: -1/42      AC:  3    Str: 10    XL:     5   Next: 72%
Magic:  7/9        EV: 10    Int: 20    God:
Gold:   139        SH:  0    Dex: 11    Spells: 2/9 levels left

rFire   . . .      SeeInvis +   d - +2 short sword (drain)
rCold   + . .      Faith    .   (no shield)
rNeg    . . .      Spirit   .   a - +0 robe
rPois   +          Reflect  .   l - +0 helmet
rElec   .          Harm     .   (no cloak)
rCorr   .          Rampage  .   (no gloves)
Will    .....                   (no barding)
Stlth   +++.......              (no amulet)
HPRegen 0.14/turn               k - ring of protection from cold
MPRegen 0.11/turn               (no ring)

@: very slow
A: AC +1, large, see invisible, deformed body, poison resistance, slowness 2,
spit poison 1, naga tail 1, clever 1
a: Spit Poison


You were in an ossuary.
You visited 1 branch of the dungeon, and saw 4 of its levels.
You also visited: Ossuary.

You collected 139 gold pieces.

Inventory:

Hand Weapons
 d - a +2 short sword of draining (weapon)
Armour
 a - a +0 robe (worn)
 g - a +0 pair of gloves
 l - a +0 helmet (worn)
Magical Staves
 e - a staff of cold
Jewellery
 k - a ring of protection from cold (left hand)
 o - the ring of Cojal {Str+3 Dex+6}
   (You found it on level 3 of the Dungeon)

   [ring of dexterity]

   Str:       It affects your strength (+3).
   Dex:       It affects your dexterity (+6).
Scrolls
 b - a scroll of vulnerability {unknown}
 c - a scroll of teleportation {unknown}
 f - a scroll of enchant weapon {unknown}
 h - 7 scrolls of identify {unknown}
 i - a scroll of magic mapping {unknown}
 j - a scroll of brand weapon {unknown}
 m - a scroll of amnesia {unknown}
 n - a scroll of fog
Potions
 p - a potion of mutation
 q - a potion of might {unknown}


   Skills:
 + Level 2.5 Dodging
 - Level 4.6 Stealth
 + Level 2.9 Spellcasting
 - Level 2.2 Transmutations
 * Level 5.2 Poison Magic


You had 2 spell levels left.
You knew the following spells:

 Your Spells              Type           Power      Damage    Failure   Level
a - Sting                 Tmut/Pois      72%        1d6       3%          1
b - Poisonous Vapours     Pois/Air       26%        N/A       8%          2
c - Olgreb's Toxic Radia  Pois           24%        N/A       16%         4

Your spell library contained the following spells:

 Spells                   Type           Power      Damage    Failure   Level
 Magic Dart               Conj           8%         1d3       14%         1
 Call Imp                 Summ           2%         N/A       22%         2
 Mephitic Cloud           Conj/Pois/Air  10%        N/A       21%         3
 Call Canine Familiar     Summ           2%         N/A       41%         3
 Tukima's Dance           Hex            2%         N/A       41%         3
 Anguish                  Hex/Necr       1%         N/A       82%         4
 Enfeeble                 Hex            1%         N/A       100%        7


Dungeon Overview and Level Annotations

Branches:
Dungeon (4/15)            Ossuary (1/1)
 Temple: D:4-7

Altars:


Innate Abilities, Weirdness & Mutations

Your serpentine skin is tough. (AC +1)
You have supernaturally acute eyesight. (SInv)
Armour fits poorly on your strangely shaped body.
Your system is resistant to poisons. (rPois)
You cover ground very slowly.
You can spit poison.
You have a snake-like lower body.
Your mind is acute. (Int +2)


Message History

The centaur zombie kicks you.
The centaur zombie barely misses you. x2
Casting: Sting (safe; 3% risk of failure)
Confirm with . or Enter, or press ? or * to list all spells.
Aiming: Sting (safe; 3% risk of failure)
Press: ? - help, Shift-Dir - straight line, f - centaur zombie
Aim: a centaur zombie (severely damaged, 100% to hit)
The sting hits the centaur zombie.
The centaur zombie partially resists.
The centaur zombie is severely damaged.
The centaur zombie hits you.
The centaur zombie kicks you but does no damage.
Casting: Sting (safe; 3% risk of failure)
Confirm with . or Enter, or press ? or * to list all spells.
Aiming: Sting (safe; 3% risk of failure)
Press: ? - help, Shift-Dir - straight line, f/p - centaur zombie
Aim: a centaur zombie (severely damaged, 100% to hit)
The sting hits the centaur zombie but does no damage.
The centaur zombie is severely damaged.
The centaur zombie hits you but does no damage.
The centaur zombie kicks you.
You hit the centaur zombie.
The centaur zombie is severely damaged.
The centaur zombie barely misses you. The centaur zombie kicks you.
* * * LOW HITPOINT WARNING * * *
The centaur zombie hits you.
* * * LOW HITPOINT WARNING * * *
The centaur zombie completely misses you.
You hit the centaur zombie.
The centaur zombie is almost destroyed.
The centaur zombie hits you.
* * * LOW HITPOINT WARNING * * *
The centaur zombie kicks you.
* * * LOW HITPOINT WARNING * * *
Really quaff the potion of mutation?
Okay, then.
As you read the scroll labelled PEUGUTW DUIM, it crumbles to dust.
The scroll dissolves into smoke.
It was a scroll of fog.
The centaur zombie closely misses you. The centaur zombie kicks you.
* * * LOW HITPOINT WARNING * * *
The centaur zombie hits you.
You die...

..# .....# ....#
....# ##### ...#
#...####...#
#...ZZ@##..#
#.####§§§..# .Z.
#§##..# #....
####...#
..########......#
................#
....∩..∩........#
#################


You could see an adder zombie and a centaur zombie.

Vanquished Creatures
  An iguana (D:2)
  4 gnolls (D:2)
  6 adders
  2 adder zombies (Ossuary)
  2 dart slugs
  5 endoplasms
  3 giant cockroaches
  A gnoll zombie (Ossuary)
  2 goblins
  5 hobgoblins
  A quokka (D:1)
  10 ball pythons
  3 bats
  3 frilled lizards
  A hobgoblin zombie (Ossuary)
  A jackal zombie (Ossuary)
  7 kobolds
  A kobold zombie (Ossuary)
  An orc zombie (Ossuary)
  A quokka zombie (Ossuary)
  8 rats
  A rat zombie (Ossuary)
69 creatures vanquished.

Notes
Turn   | Place    | Note
-------+----------+-------------------------------------------
     0 | D:1      | Dabor the Naga Venom Mage began the quest for the Orb.
     0 | D:1      | Reached XP level 1. HP: 15/15 MP: 3/3
   416 | D:1      | Reached XP level 2. HP: 21/22 MP: 0/5
   583 | D:1      | Learned a level 2 spell: Poisonous Vapours
  1159 | D:2      | Reached XP level 3. HP: 24/28 MP: 0/6
  1390 | D:2      | Got the Volume of Companions and Transmigration
  1657 | D:2      | Gained mutation: Your mind is acute. (Int +2) [potion of
                  | mutation]
  1905 | D:2      | Reached XP level 4. HP: 28/29 MP: 2/7
  2395 | D:2      | Reached XP level 5. HP: 19/42 MP: 1/9
  3023 | D:3      | Reached skill level 5 in Poison Magic
  3083 | D:3      | Identified the ring of Cojal {Str+3 Dex+6}
  3770 | D:4      | Found a sand-covered staircase.
  3779 | Ossuary  | Entered an ossuary
  3787 | Ossuary  | Learned a level 4 spell: Olgreb's Toxic Radiance
  3862 | Ossuary  | HP: 2/42 [centaur zombie (1)]
  3862 | Ossuary  | Slain by a centaur zombie

Illustrated notes

Levels and vault maps discovered:
D:1:      spicycebolla_arrival_xxxplode, layout_basic, kennysheep_another_room,
          minmay_tromino_v7
D:2:      layout_loops_ring, minmay_split_cup_small
D:3:      layout_loops_ring
D:4:      layout_layer_cave, minmay_temple_entry_statues_pillars,
          nicolae_ossuary_entry_false_entrances, nicolae_shop_firing_range
Ossuary:  minmay_ossuary_two_tombs

Skill      XL: |  1  2  3  4  5 |
---------------+----------------+-----
Dodging        | 2 |  2.5
Stealth        | 4 |  4.6
Transmutations | 2 |  2.2
Poison Magic   | 5 |  5.2
Spellcasting   | |  2.9

Action                   |  1- 3 |  4- 6 || total
-------------------------+-------+-------++-------
Melee: Staff             |    40 |       ||    40
       Short sword       |       |    80 ||    80
 Cast: Sting             |    44 |    32 ||    76
       Poisonous Vapours |     9 |     6 ||    15
 Abil: Spit Poison       |     6 |     4 ||    10
  Use: Potion            |     3 |     2 ||     5
       Scroll            |       |     2 ||     2
 Stab: Sleeping          |     1 |     9 ||    10
Armor: Robe              |    15 |    28 ||    43
Dodge: Dodged            |    46 |    64 ||   110

Table legend: (Time is in decaauts)
 A = Elapsed time spent in this place.
 B = Non-inter-level travel time spent in this place.
 C = Inter-level travel time spent in this place.
 D = Time resting spent in this place.
 E = Time spent auto-exploring this place.
 F = Levels seen in this place.
 G = Mean time per level.
                   A        B        C        D        E       F      G
               +--------+--------+--------+--------+--------+-----+--------+
         Total |   4615 |   4444 |    171 |    241 |   3457 |   5 |  923.0 |
       Dungeon |   4519 |   4348 |    171 |    241 |   3453 |   4 | 1129.8 |
       Ossuary |     95 |     95 |      0 |      0 |      4 |   1 |   95.0 |
               +--------+--------+--------+--------+--------+-----+--------+

Top non-repeatable levels by time:
     D:2: 2149 daAuts
     D:1: 1324 daAuts
     D:3: 1031 daAuts
 Ossuary: 95 daAuts
     D:4: 14 daAuts
